 Dungeon Crawl Stone Soup version 0.27.0-1-g7a089689b8 (webtiles) character file.

Game seed: 15856582379995730755

715 bnorton916 the Thaumaturge (level 7, -1/36 HPs)
             Began as a Deep Elf Conjurer on Aug 13, 2021.
             Was a Priest of Dithmenos.
             Killed from afar by an acid dragon (10 damage)
             ... with a splash of acid
             ... on level 5 of the Dungeon.
             The game lasted 00:07:13 (4796 turns).

bnorton916 the Thaumaturge (Deep Elf Conjurer)      Turns: 4796, Time: 00:07:13

Health: -1/36      AC:  3    Str:  5    XL:     7   Next: 41%
Magic:  17/20      EV: 12    Int: 24    God:    Dithmenos [***...]
Gold:   117        SH:  0    Dex: 13    Spells: 11/22 levels left

rFire    . . .     SeeInvis +   d - +1 dagger (freeze)
rCold    . . .     Faith    .   (no shield)
rNeg     . . .     Spirit   .   a - +0 robe
rPois    .         Reflect  .   (no helmet)
rElec    .         Harm     .   (no cloak)
rCorr    .         Rampage  .   j - +0 pair of gloves
Will     .....                  (no boots)
Stlth    +++.......             (no amulet)
HPRegen  0.12/turn              r - ring of see invisible
MPRegen  0.17/turn              (no ring)

@: very slightly contaminated, wreathed by umbra
A: no striking features
a: Renounce Religion, Shadow Step


You were on level 5 of the Dungeon.
You worshipped Dithmenos.
Dithmenos was most pleased with you.
You visited 1 branch of the dungeon, and saw 5 of its levels.

You collected 117 gold pieces.

Inventory:

Hand Weapons
 d - a +1 dagger of freezing (weapon)
 k - a +3 short sword
 t - the +5 trident "Beetleslayer" {elec, Will- Int+5}
   (You found it on level 5 of the Dungeon)

   It occasionally discharges a powerful burst of electricity upon striking a
   foe.
   Int:       It affects your intelligence (+5).
   Will:      It decreases your willpower.
Missiles
 q - 28 stones
Armour
 a - a +0 robe (worn)
 j - a +0 pair of gloves (worn)
Jewellery
 r - a ring of see invisible (left hand)
Wands
 p - a wand of mindburst (12)
Scrolls
 b - 2 scrolls of teleportation {unknown}
 c - 3 scrolls of vulnerability {unknown}
 g - a scroll of fog {unknown}
 i - a scroll of fear {unknown}
 l - 4 scrolls of identify {unknown}
 m - 2 scrolls of enchant weapon {unknown}
Potions
 e - a potion of flight
 f - a potion of berserk rage {unknown}
 h - 2 potions of lignification
 n - a potion of curing {unknown}
 o - 2 potions of degeneration {unknown}
 s - a potion of magic {unknown}


   Skills:
 - Level 2.4 Dodging
 - Level 2.4 Stealth
 + Level 8.1 Spellcasting
 + Level 7.8 Conjurations


You had 11 spell levels left.
You knew the following spells:

 Your Spells              Type           Power      Damage    Failure   Level
a - Magic Dart            Conj           100%       1d8       1%          1
b - Searing Ray           Conj           94%        3d6       1%          2
c - Fulminant Prism       Conj/Hex       14%        3d9       13%         4
d - Iskenderun's Mystic   Conj/Tloc      28%        2d7       13%         4

Your spell library contained the following spells:

 Spells                   Type           Power      Damage    Failure   Level
 Dazzling Flash           Conj/Hex       56%        N/A       3%          3
 Stone Arrow              Conj/Erth      56%        3d10      3%          3
 Animate Armour           Summ/Erth      18%        N/A       54%         4
 Lehudib's Crystal Spear  Conj/Erth      14%        10d5      100%        8


Dungeon Overview and Level Annotations

Branches:
Dungeon (5/15)
 Temple: D:4-7

Altars:
Dithmenos
Fedhas
Vehumet


Message History

The scorpion zombie is severely damaged.
The scorpion zombie closely misses you.
Unknown command.
Casting: Magic Dart (safe; 1% risk of failure)
Confirm with . or Enter, or press ? or * to list all spells.
Aiming: Searing Ray (safe; 1% risk of failure)
Press: ? - help, Shift-Dir - straight line, f/p - scorpion zombie
Aim: a scorpion zombie (severely damaged, umbra, 94% to hit)
The searing ray hits the scorpion zombie!
The scorpion zombie is almost destroyed. (Press . to maintain the ray.)
The scorpion zombie hits you.
The searing ray hits the scorpion zombie.
You destroy the scorpion zombie!
Dithmenos accepts your kill.
Search for what [Enter for "armor", or ? for help]? tri
There is a stone staircase leading up here.
You see here the +5 trident "Beetleslayer" {elec, Will- Int+5}.
t - the +5 trident "Beetleslayer" {elec, Will- Int+5}
Found a short sword.
You see here a +0 short sword.
An acid dragon comes into view.
An acid dragon is nearby!
Casting: Searing Ray (safe; 1% risk of failure)
Confirm with . or Enter, or press ? or * to list all spells.
The spell is quite dangerous to cast (13% risk of failure)!
Continue anyway?
Aiming: Fulminant Prism (quite dangerous; 13% risk of failure)
Press: ? - help, Dir - move target You miscast Fulminant Prism.
You are very lightly contaminated with residual magic.
Nothing appears to happen.
The acid dragon roars!
You hear a shout!
Unknown command.
The acid dragon spits acid at you. The splash of acid hits you!
You are splashed with acid!!
Ouch! That really hurt!
* * * LOW HITPOINT WARNING * * *
The acid dragon spits acid at you. The splash of acid hits you!
You die...

#. ##..# ######### ##.# #...#
#...#...## ###...#####...#
##...#....## #........##...#
#....#......
...######......###...........
..... ####..............###
..... ##........###...##
.....# #.......### ###..#
...... ##@......## ##..
......# ##..####...# ##..#
.......## ##..## ##..# #..##
...D....#####..## #..# ##..#
#..D.D...# ##.####..##
#........### ##...#...##
#..........####..#......##
##....##..#..)...###..#...##
#....###.#####..## ##.##...#


You could see an acid dragon (catching breath).

Vanquished Creatures
  Sigmund (D:5)
  An ogre (D:4)
  2 phantoms (D:4)
  A howler monkey (D:5)
  A gnoll shaman (D:5)
  A scorpion zombie (D:5)
  Ijyb (D:5)
  An iguana (D:3)
  7 adders
  4 gnolls (D:5)
  A dart slug (D:1)
  2 orcs
  5 bats
  9 endoplasms
  2 giant cockroaches (D:1)
  11 goblins
  6 hobgoblins
  8 jackals
  9 kobolds
  2 quokkas
  14 ball pythons
  7 frilled lizards
  4 rats
100 creatures vanquished.

Vanquished Creatures (others)
  A hound skeleton (D:5)
  2 fulminant prisms (D:5)
3 creatures vanquished.

Grand Total: 103 creatures vanquished

Notes
Turn   | Place    | Note
-------+----------+-------------------------------------------
     0 | D:1      | bnorton916 the Deep Elf Conjurer began the quest for the
                  | Orb.
     0 | D:1      | Reached XP level 1. HP: 10/10 MP: 6/6
   129 | D:1      | Reached XP level 2. HP: 15/15 MP: 3/8
   221 | D:1      | Learned a level 2 spell: Searing Ray
   614 | D:1      | Found a faded altar of an unknown god.
   619 | D:1      | Reached skill level 4 in Spellcasting
   622 | D:1      | Became a worshipper of Dithmenos the Shadowed
   622 | D:1      | Reached * piety under Dithmenos
   649 | D:1      | Reached skill level 5 in Conjurations
   673 | D:1      | Reached XP level 3. HP: 19/19 MP: 8/10
  1331 | D:2      | Reached XP level 4. HP: 24/24 MP: 9/12
  1459 | D:2      | Reached ** piety under Dithmenos
  1701 | D:2      | Reached skill level 5 in Spellcasting
  2106 | D:3      | Found a shadowy altar of Dithmenos.
  2174 | D:3      | Reached XP level 5. HP: 28/28 MP: 6/15
  2389 | D:3      | Found a blossoming altar of Fedhas.
  2482 | D:4      | Noticed a phantom
  2510 | D:4      | HP: 1/42 [phantom (5)]
  2513 | D:4      | Killed a phantom
  2514 | D:4      | Reached skill level 6 in Spellcasting
  3161 | D:4      | Noticed an ogre
  3166 | D:4      | Killed an ogre
  3167 | D:4      | Reached XP level 6. HP: 32/32 MP: 9/17
  3172 | D:4      | Learned a level 4 spell: Fulminant Prism
  3177 | D:4      | Learned a level 4 spell: Iskenderun's Mystic Blast
  3687 | D:5      | Entered Level 5 of the Dungeon
  3724 | D:5      | Reached skill level 7 in Spellcasting
  3896 | D:5      | Noticed Ijyb
  3907 | D:5      | Killed Ijyb
  3907 | D:5      | Reached *** piety under Dithmenos
  3908 | D:5      | Reached XP level 7. HP: 14/36 MP: 5/20
  4051 | D:5      | Noticed Sigmund
  4065 | D:5      | Killed Sigmund
  4066 | D:5      | Reached skill level 8 in Spellcasting
  4530 | D:5      | Found a radiant altar of Vehumet.
  4568 | D:5      | Identified the +5 trident "Beetleslayer" {elec, Will-
                  | Int+5}
  4796 | D:5      | Killed from afar by an acid dragon

Illustrated notes

Levels and vault maps discovered:
D:1:      nzn_arrival_crosshair, layout_loops_ring,
          hellmonk_ecumenical_altar_slurped_away
D:2:      layout_rooms
D:3:      layout_rooms, fedhas_altar_4, lemuel_crystal_altar,
          minmay_misc_feat_tiny
D:4:      layout_rooms, grunt_ministairs_10
D:5:      cheibrodos_helix_gallery, layout_layer_cave, fiery_altar_vehumet,
          uniq_blork_the_orc, uniq_ijyb, uniq_crazy_yiuf_cottage, uniq_sigmund

Skill      XL: |  1  2  3  4  5  6  7 |
---------------+----------------------+-----
Spellcasting   | 4 5 6 7 8 |  8.1
Conjurations   | 5 6 7 |  7.8
Dodging        | |  2.4
Stealth        | |  2.4

Action                   |  1- 3 |  4- 6 |  7- 9 || total
-------------------------+-------+-------+-------++-------
Melee: Dagger            |       |     6 |       ||     6
       Unarmed           |       |     1 |       ||     1
 Cast: Magic Dart        |    70 |    95 |    17 ||   182
       Searing Ray       |       |    14 |     2 ||    16
       Iskenderun's Myst |       |     1 |       ||     1
       Fulminant Prism   |       |       |     2 ||     2
  Use: Potion            |       |     3 |       ||     3
Armor: Robe              |     2 |     3 |       ||     5
       Skin              |       |     6 |       ||     6
Dodge: Dodged            |     2 |    24 |     3 ||    29
